 Dungeon Crawl Stone Soup version 0.26-a0-1033-gd598b01645 (webtiles) character file.

Game seed: 8178088569317642720

68 PentaManta the Cudgeller (level 4, -5/48 HPs)
             Began as an Ogre Berserker on Dec 10, 2020.
             Was a Believer of Trog.
             Slain by a gnoll
             ... wielding a +0 halberd
              (18 damage)
             ... on level 2 of the Dungeon.
             The game lasted 00:02:16 (1162 turns).

PentaManta the Cudgeller (Ogre Berserker)           Turns: 1162, Time: 00:02:16

Health: -5/48      AC:  3    Str: 22    XL:     4   Next: 19%
Magic:  2/4        EV: 10    Int:  8    God:    Trog [**....]
Gold:   49         SH:  0    Dex:  8    Spells: 3/3 levels left

rFire    . . .     SeeInvis .   m - +0 whip
rCold    . . .     Faith    .   (no shield)
rNeg     . . .     Spirit   .   b - +0 animal skin
rPois    .         Reflect  .   (helmet restricted)
rElec    .         Harm     .   (no cloak)
rCorr    .         Rampage  .   (gloves unavailable)
Will     .....                  (boots unavailable)
Stlth    ..........             (no amulet)
HPRegen  0.16/turn              l - ring of attention (curse)
MPRegen  0.09/turn              (no ring)

@: mighty, berserk cooldown, slowed, very slow
A: large, unfitting armour, tough skin 1
a: Berserk, Trog's Hand, Renounce Religion


You were on level 2 of the Dungeon.
You worshipped Trog.
Trog was pleased with you.
You visited 1 branch of the dungeon, and saw 2 of its levels.

You collected 49 gold pieces.

Inventory:

Hand Weapons
 a - a +0 mace
 g - a +2 dagger of venom
 m - a +0 whip (weapon)
Missiles
 c - 3 javelins
Armour
 b - a +0 animal skin (worn)
Jewellery
 l - a cursed ring of attention (left hand)
Scrolls
 h - 2 scrolls of blinking {unknown}
 i - a scroll of fear {unknown}
 j - a scroll of identify {unknown}
 o - a scroll of magic mapping {unknown}
 p - a scroll of amnesia {unknown}
Potions
 f - a potion of lignification {unknown}
 k - a potion of heal wounds {unknown}
 n - a potion of brilliance {unknown}


   Skills:
 - Level 4.0 Fighting
 + Level 4.4 Maces & Flails
 - Level 2.6 Dodging


You had 3 spell levels left.
You didn't know any spells.
Your spell library was empty.

Dungeon Overview and Level Annotations

Branches:
Dungeon (2/15)

Altars:


Innate Abilities, Weirdness & Mutations

You are too large for most types of armour.
You have tough skin. (AC +1)


Message History

The adder misses you. The gnoll completely misses you.
The gnoll hits you with a +2 antimagic whip.
You feel your power leaking away. The adder bites you.
You whack the gnoll!
You kill the gnoll!
Trog accepts your kill. The adder bites you but does no damage.
The gnoll hits you but does no damage. The adder bites you but does no damage.
You have reached level 4!
You whack the adder!
The adder is severely wounded.
The gnoll closely misses you. The adder barely misses you.
You whack the adder!
You kill the adder!
Trog accepts your kill.
The gnoll hits you from afar with a +0 halberd!
* * * LOW HITPOINT WARNING * * *
The gnoll closely misses you. The gnoll hits you with a +0 halberd!!
You die...

#.# .. #.# .. #.##
###+##### ## #####..#
#.......# #. #....))#
#.......# #.
#....g.###.......# #.
#.....@.##.......#####.
#.....).#............#.
...........##.#######.#.
..[..####..##.# #.#.
..... #..##.#######.#.
#### ##.##.##.......#
#..#.##........
#..#.##.......(
#.(..##......)(


You could see a gnoll.

Vanquished Creatures
  3 gnolls (D:2)
  An adder (D:2)
  2 dart slugs (D:1)
  A giant cockroach (D:2)
  2 goblins (D:1)
  6 hobgoblins
  A ball python (D:1)
  3 bats (D:1)
  A frilled lizard (D:1)
  4 kobolds
  5 rats (D:1)
29 creatures vanquished.

Notes
Turn   | Place    | Note
-------+----------+-------------------------------------------
     0 | D:1      | PentaManta the Ogre Berserker began the quest for the Orb.
     0 | D:1      | Reached XP level 1. HP: 24/24 MP: 1/1
   117 | D:1      | Reached XP level 2. HP: 19/32 MP: 2/2
   765 | D:1      | Reached XP level 3. HP: 38/39 MP: 3/3
   948 | D:2      | Reached ** piety under Trog
  1160 | D:2      | Reached XP level 4. HP: 23/48 MP: 2/4
  1162 | D:2      | Slain by a gnoll

Illustrated notes

Levels and vault maps discovered:
D:1:      psy_arrival_whirlpool, layout_rooms, bh_walls_and_bars
D:2:      layout_basic, uniq_jessica

Skill      XL: |  1  2  3 |
---------------+----------+-----
Maces & Flails | 3 4 |  4.4
Fighting       | |  4.0
Dodging        | |  2.6

Action                   |  1- 3 |  4- 6 || total
-------------------------+-------+-------++-------
Melee: Mace              |    19 |       ||    19
       Dagger            |    46 |       ||    46
       Whip              |     9 |     2 ||    11
Invok: Berserk           |     3 |       ||     3
  Use: Potion            |     2 |       ||     2
Armor: Animal skin       |    24 |       ||    24
Dodge: Dodged            |    51 |     3 ||    54

Table legend: (Time is in decaauts)
 A = Elapsed time spent in this place.
 B = Non-inter-level travel time spent in this place.
 C = Inter-level travel time spent in this place.
 D = Time resting spent in this place.
 E = Time spent auto-exploring this place.
 F = Levels seen in this place.
 G = Mean time per level.
                   A        B        C        D        E       F      G
               +--------+--------+--------+--------+--------+-----+--------+
         Total |   1189 |   1163 |     26 |     31 |    948 |   2 |  594.5 |
       Dungeon |   1189 |   1163 |     26 |     31 |    948 |   2 |  594.5 |
               +--------+--------+--------+--------+--------+-----+--------+

Top non-repeatable levels by time:
     D:1: 960 daAuts
     D:2: 229 daAuts
